 Dungeon Crawl Stone Soup version 0.30-a0-760-g5a9884bb7c (webtiles) character file.

Game seed: 17522244447631836613

1618 omnomnOMINOUS the Sneak (level 8, -4/54 HPs)
             Began as an Octopode Wanderer on Feb 11, 2023.
             Was a Priest of the Shining One.
             Slain by a sixfirhy (8 damage)
             ... summoned by a kobold demonologist
             ... on level 7 of the Dungeon.
             The game lasted 00:11:15 (5475 turns).

omnomnOMINOUS the Sneak (Octopode Wanderer)         Turns: 5475, Time: 00:11:15

Health: -4/54      AC:  1    Str:  8    XL:     8   Next: 96%
Magic:  14/14      EV: 14    Int: 19    God:    the Shining One [***...]
Gold:   377        SH:  0    Dex: 12    Spells: 3/15 levels left

rFire   . . .      SeeInvis +    a - +8 hand axe of Shame {spect, rPois rC+}
rCold   + . .      Faith    .    (no shield)
rNeg    + . .      Spirit   .    c - +0 hat
rPois   +          Reflect  .    (no amulet)
rElec   .          Harm     .    j - ring of poison resistance
rCorr   .          Rampage  .    x - ring of see invisible
Will    .....                    B - ring of flight
Stlth   ++                       (no ring)
HPRegen 0.29/turn                (no ring)
MPRegen 0.14/turn                (no ring)
                                 (no ring)
                                 (no ring)

@: flying, hasted, glowing, studying Axes, very quick
A: almost no armour, amphibious, 8 rings, camouflage 1, gelatinous body 1,
(nimble swimmer 1), tentacles
a: Renounce Religion, Divine Shield, Cleansing Flame


You were on level 7 of the Dungeon.
You worshipped the Shining One.
The Shining One was most pleased with you.
You visited 1 branch of the dungeon, and saw 7 of its levels.

You collected 410 gold pieces.
You spent 33 gold pieces at shops.

Inventory:

Hand Weapons
 a - the +8 hand axe of Shame (weapon) {spect, rPois rC+}
   (You found it on level 2 of the Dungeon)

   rC:        It protects you from cold.
   rPois:     It protects you from poison.
Missiles
 e - a curare-tipped dart
 k - 29 poisoned darts
 r - 2 throwing nets
 t - 4 atropa-tipped darts
Armour
 c - a +0 hat (worn)
 E - a +0 buckler
Jewellery
 h - a ring of ice
 j - a ring of poison resistance (left tentacle)
 x - a ring of see invisible (right tentacle)
 B - a ring of flight (on tentacle)
Wands
 C - a wand of roots (3)
Scrolls
 d - 3 scrolls of amnesia
 g - a scroll of poison
 l - 2 scrolls of teleportation
 n - 3 scrolls of fear
 o - a scroll of brand weapon
 q - 3 scrolls of blinking {unknown}
 s - 4 scrolls of enchant weapon {unknown}
 v - a scroll of vulnerability
 w - a scroll of immolation {unknown}
 y - a scroll of summoning
 A - a scroll of noise
Potions
 b - a potion of flight {unknown}
 f - a potion of lignification
 i - a potion of might
 m - 2 potions of curing
 p - 4 potions of mutation
 D - a potion of degeneration {unknown}


   Skills:
 + Level 4.7 Fighting
 + Level 5.6 Axes
 + Level 4.7 Dodging
 - Level 6.6 Stealth
 - Level 4.0 Spellcasting
 + Level 4.4 Conjurations
 + Level 5.2 Earth Magic


You had 3 spell levels left.
You knew the following spells:

 Your Spells              Type           Power      Damage    Failure   Level
a - Passwall              Tmut/Erth      10%        N/A       7%          2
b - Stone Arrow           Conj/Erth      44%        3d9       5%          3
c - Iskenderun's Mystic   Conj/Tloc      12%        2d5       50%         4
d - Swiftness             Air            3%         N/A       38%         3

Your spell library contained the following spells:

 Spells                   Type           Power      Damage    Failure   Level
 Sandblast                Erth           46%        2d11      1%          1
 Shock                    Conj/Air       48%        1d6       5%          1
 Freeze                   Ice            12%        1d3       14%         1
 Sting                    Tmut/Pois      12%        1d3       14%         1
 Poisonous Vapours        Pois/Air       6%         N/A       21%         2
 Frozen Ramparts          Ice            6%         1d1       38%         3
 Kindle Blastsparks       Fire/Tloc/Air  6%         2d10      38%         3
 Ozocubu's Armour         Ice            3%         N/A       38%         3
 Lee's Rapid Deconstruct  Erth           11%        3d8*      41%         5
 Fulminant Prism          Conj/Hex       6%         3d7       50%         4
 Airstrike                Air            1%         2d(1-17)  80%         4
 Olgreb's Toxic Radiance  Pois           3%         N/A       80%         4
 Summon Lightning Spire   Summ/Air       3%         N/A       80%         4
 Metabolic Englaciation   Hex/Ice        1%         N/A       98%         5
 Simulacrum               Ice/Necr       1%         N/A       100%        6
 Storm Form               Tmut/Air       1%         N/A       100%        7
 Maxwell's Capacitive Co  Air            1%         ∞         100%        8


Dungeon Overview and Level Annotations

Branches:
Dungeon (7/15)             Temple (0/1) D:5

Altars:
Cheibriados
Dithmenos
Gozag
Nemelex Xobeh
Okawaru
Qazlal
Trog
Vehumet
Yredelemnul
The Shining One

Shops:
D:6 ?


Innate Abilities, Weirdness & Mutations

You cannot wear most types of armour.
You are amphibious.
You can wear up to eight rings at the same time.
Your skin changes colour to match your surroundings (Stealth+).
Your rubbery body absorbs attacks. (AC +1, EV +1)
((You are camouflaged when in or above water. (Stealth+)))
You have tentacles for arms and can constrict up to eight enemies at once.


Message History

Things that are here:
a +0 short sword; 2 stones
Okay, then.
Unknown command.
Aiming: Fastroot
Press: ? - help, Shift-Dir - straight line, f - killer bee
Aim: a killer bee (severely wounded, haloed)
The roots erupt in riotous growth!
Roots grab the killer bee. x2; Roots grab the kobold demonologist.
The grasping roots constrict the killer bee. x2
The grasping roots constrict the kobold demonologist.
Unknown command.
You hit the killer bee.
You kill the killer bee!
The grasping roots constrict the killer bee.
The grasping roots constrict the kobold demonologist.
The roots release their grip on the killer bee.
The roots release their grip on the kobold demonologist.
You slash the killer bee!
You kill the killer bee!
The kobold demonologist mumbles some strange words.
Aiming: Fastroot
Press: ? - help, Shift-Dir - straight line, f - killer bee
Aim: a killer bee (haloed)
The roots erupt in riotous growth!
Roots grab the killer bee.
Roots grab the kobold demonologist.
The grasping roots constrict the killer bee.
The grasping roots constrict the kobold demonologist.
The killer bee closely misses you.
Unknown command.
You slash the killer bee! You squeeze the killer bee.
You kill the killer bee!
The grasping roots constrict the kobold demonologist.
The roots release their grip on the kobold demonologist.
The sixfirhy hits you.
* * * LOW HITPOINT WARNING * * *
The sixfirhy shocks you!
* * * LOW HITPOINT WARNING * * *
The sixfirhy hits you!
You die...

#.. ... ..... # #.# ... ##### #
# #.# #.# #...# # # #.#
#.####...# #.....# # ####.##
#.#......###.....# ......#
#.#)##...'...)...# ####..#
#.#.##K..####....#
##....#####.#.##3#.####....#
...............#@#y........#
...............#.###<....###
...........................#
.....######.######...#####.#####
.#.#.# #..# #§§§# #.....#
.#.#... ..## #○§§# #.....##
...#.... ...# #§.§# #.....'.
...# ......# #...######....#.
...# .".?.☼☼☼......#.


You could see a kobold demonologist and a sixfirhy (summoned).

Vanquished Creatures
  3 water moccasins
  A black bear (D:5)
  2 kobold brigands (D:6)
  A necrophage (D:7)
  4 scorpions
  4 killer bees (D:7)
  2 jellies (D:4)
  2 orc priests
  Crazy Yiuf (D:6)
  5 orc wizards
  3 iguanas
  A mummy (D:5)
  11 adders
  A shadow imp (D:6)
  3 white imps
  3 ufetubi (D:5)
  2 dart slugs
  25 orcs
  9 ball pythons
  6 bats
  5 endoplasms
  2 giant cockroaches
  8 goblins
  9 hobgoblins
  6 jackals (D:1)
  2 quokkas (D:5)
  6 frilled lizards
  19 kobolds
  2 rats
148 creatures vanquished.

Vanquished Creatures (others)
  13 fungi (D:5)
  3 plants (D:5)
  2 toadstools (D:5)
18 creatures vanquished.

Grand Total: 166 creatures vanquished

Notes
Turn   | Place    | Note
-------+----------+-------------------------------------------
     0 | D:1      | omnomnOMINOUS the Octopode Wanderer began the quest for the
                  | Orb.
     0 | D:1      | omnomnOMINOUS set off with the following items: a +0
                  | dagger, a potion of lignification, a +0 hat; and the
                  | following spells available to memorise: Sandblast, Freeze,
                  | Passwall, Stone Arrow, Frozen Ramparts.
     0 | D:1      | Reached XP level 1. HP: 11/11 MP: 4/4
    89 | D:1      | Found a faded altar of an unknown god.
    94 | D:1      | Reached XP level 2. HP: 18/18 MP: 6/6
   100 | D:1      | Prayed at the altar of an unknown god.
   100 | D:1      | Became a worshipper of the Shining One
   100 | D:1      | Reached * piety under the Shining One
   325 | D:1      | Reached skill level 1 in Dodging
   332 | D:1      | Reached skill level 1 in Fighting
   335 | D:1      | Learned a level 2 spell: Passwall
   431 | D:1      | Reached XP level 3. HP: 18/23 MP: 7/7
   435 | D:1      | Learned a level 3 spell: Stone Arrow
   817 | D:2      | Identified the +8 hand axe of Shame {spect, rPois rC+}
   972 | D:2      | Reached XP level 4. HP: 28/28 MP: 9/9
  1620 | D:3      | Learned a level 4 spell: Iskenderun's Mystic Blast
  1750 | D:3      | Reached skill level 1 in Conjurations
  1751 | D:3      | Reached ** piety under the Shining One
  1763 | D:3      | Reached XP level 5. HP: 24/34 MP: 10/10
  2359 | D:4      | Found a radiant altar of Vehumet.
  2564 | D:4      | Reached XP level 6. HP: 33/40 MP: 11/11
  2857 | D:4      | Reached skill level 1 in Axes
  3109 | D:5      | Entered Level 5 of the Dungeon
  3228 | D:5      | Found a staircase to the Ecumenical Temple.
  3255 | D:5      | Found a stormy altar of Qazlal.
  3361 | D:5      | Noticed a water moccasin
  3368 | D:5      | Killed a water moccasin
  3369 | D:5      | Reached XP level 7. HP: 40/46 MP: 6/13
  3435 | D:5      | Found a basalt altar of Yredelemnul.
  3436 | D:5      | Found a bloodstained altar of Trog.
  3462 | D:5      | Found a snail-covered altar of Cheibriados.
  3766 | D:5      | Found a shadowy altar of Dithmenos.
  3933 | D:5      | Found an opulent altar of Gozag.
  4025 | D:5      | Reached XP level 8. HP: 54/54 MP: 14/14
  4061 | D:5      | Found an iron altar of Okawaru.
  4062 | D:5      | Found a sparkling altar of Nemelex Xobeh.
  4287 | D:5      | Learned a level 3 spell: Swiftness
  4369 | D:6      | Found a runed translucent door.
  4370 | D:6      | Noticed Crazy Yiuf
  4376 | D:6      | Killed Crazy Yiuf
  4499 | D:6      | Found Kalofeirr's Magic Scroll Boutique.
  4509 | D:6      | Bought a scroll of teleportation for 33 gold pieces
  4651 | D:6      | Reached skill level 5 in Axes
  4655 | D:6      | Reached skill level 5 in Earth Magic
  5354 | D:7      | Reached *** piety under the Shining One
  5363 | D:7      | HP: 2/53 [centaur/arrow (10)]
  5433 | D:7      | Noticed a kobold demonologist
  5474 | D:7      | Noticed a sixfirhy
  5475 | D:7      | Slain by a sixfirhy

Illustrated notes

Levels and vault maps discovered:
D:1:      scummos_arrival_simple_fountains, layout_loops_ring,
          ebering_ecumenical_altar_mist, minmay_misc_feat_x
D:2:      layout_basic, serial_glass, glass_columns_c, glass_columns_a
D:3:      cheibrodos_pilgrimage, layout_loops_ring
D:4:      layout_loops_ring, mainiacjoe_overflow_catwalk, minmay_manual_mess
D:5:      layout_loops_ring, mainiacjoe_overflow_alcove_4, slow_altar_1,
          nicolae_overflow_hidden_temple, mainiacjoe_overflow_brackets,
          nicolae_qazlal_scattered_showers, minmay_temple_entry_gardened_gates,
          minmay_misc_feat_chi, corexii_hall_statues_deadend,
          corexii_checkpoint_b, minmay_gold_behind_fungi
D:6:      layout_cave_pools, serial_shops, shop, serial_park_tiny_1,
          uniq_crazy_yiuf_cottage
D:7:      layout_basic, lemuel_flame_loot_1

Skill      XL: |  1  2  3  4  5  6  7  8 |
---------------+-------------------------+-----
Dodging        | 1 2 3 4 |  4.7
Fighting       | 1 2 3 4 |  4.7
Conjurations   | 1 2 3 4 |  4.4
Earth Magic    | 3 4 5 |  5.2
Axes           | 2 3 5 |  5.6
Spellcasting   | 4 |  4.0
Stealth        | |  6.6

Action                     |  1- 3 |  4- 6 |  7- 9 || total
---------------------------+-------+-------+-------++-------
  Melee: Dagger            |    52 |       |       ||    52
         Tentacles         |    18 |    14 |    14 ||    46
         Constrict         |    20 |    24 |    31 ||    75
         Punch             |     2 |     3 |     1 ||     6
         Hand axe          |     7 |    71 |    88 ||   166
   Cast: Stone Arrow       |       |     1 |     5 ||     6
  Evoke: Wand              |       |       |     2 ||     2
    Use: Potion            |       |       |     7 ||     7
         Scroll            |       |       |    14 ||    14
   Stab: Sleeping          |     2 |       |       ||     2
 Armour: Skin              |     5 |     3 |    14 ||    22
  Dodge: Dodged            |    27 |    30 |    63 ||   120

Table legend: (Time is in decaauts)
 A = Elapsed time spent in this place.
 B = Non-inter-level travel time spent in this place.
 C = Inter-level travel time spent in this place.
 D = Time resting spent in this place.
 E = Time spent auto-exploring this place.
 F = Levels seen in this place.
 G = Mean time per level.
                   A        B        C        D        E       F      G
               +--------+--------+--------+--------+--------+-----+--------+
         Total |   5498 |   5274 |    224 |    463 |   3836 |   7 |  785.4 |
       Dungeon |   5498 |   5274 |    224 |    463 |   3836 |   7 |  785.4 |
               +--------+--------+--------+--------+--------+-----+--------+

Top non-repeatable levels by time:
     D:5: 1186 daAuts
     D:3: 804 daAuts
     D:1: 792 daAuts
     D:2: 772 daAuts
     D:6: 764 daAuts
     D:4: 757 daAuts
     D:7: 421 daAuts
